 Dungeon Crawl Stone Soup version 0.22-a0-538-g76cc104 (webtiles) character file.

705 CougarLife the Shield-Bearer (level 7, 59/60 HPs)
             Began as a Gnoll Fighter on June 23, 2018.
             Quit the game on level 5 of the Dungeon.
             The game lasted 00:03:29 (3622 turns).

CougarLife the Shield-Bearer (Gnoll Fighter)        Turns: 3622, Time: 00:03:29

Health: 59/60      AC: 10    Str: 20    XL:     7   Next: 67%
Magic:  10/10      EV:  9    Int: 11    God:
Gold:   138        SH: 11    Dex: 14    Spells: 11/11 levels left

rFire    . . .     SeeInvis .   a - +0 war axe
rCold    . . .     Gourm    .   c - +0 shield
rNeg     . . .     Faith    .   b - +0 scale mail
rPois    .         Spirit   .   (no helmet)
rElec    .         Reflect  .   t - +0 cloak
rCorr    .         Harm     .   o - +0 pair of gloves
MR       .....                  (no boots)
Stlth    +.........             (no amulet)
HPRegen  0.20/turn              (no ring)
MPRegen  0.12/turn              (no ring)

@: no status effects
A: distributed training, fangs 1, strong nose
a: no special abilities


You were on level 5 of the Dungeon.
You were not hungry.

You visited 1 branch of the dungeon, and saw 5 of its levels.

You collected 138 gold pieces.

Inventory:

Hand Weapons
 a - a +0 war axe (weapon)
Armour
 b - a +0 scale mail (worn)
 c - a +0 shield (worn)
 o - a +0 pair of gloves (worn)
 t - a +0 cloak (worn)
Jewellery
 j - an uncursed ring of wizardry {unknown}
Wands
 g - a wand of paralysis (7)
 v - a wand of iceblast (6)
Scrolls
 e - 2 scrolls of fog {unknown}
 h - a scroll of blinking {unknown}
 i - 8 scrolls of identify {unknown}
 k - 2 scrolls of random uselessness {unknown}
 l - 6 scrolls of teleportation {unknown}
 u - a scroll of remove curse {unknown}
 y - a scroll of fear {unknown}
Potions
 d - a potion of might
 m - a potion of haste {unknown}
 n - a potion of lignification {unknown}
 p - 2 potions of flight {unknown}
 q - a potion of brilliance {unknown}
 r - 2 potions of degeneration {unknown}
 s - a potion of magic {unknown}
 w - a potion of agility {unknown}
Comestibles
 f - 7 rations
 x - a chunk of flesh


   Skills:
 + Level 7.1 Fighting
 + Level 2.6 Short Blades
 + Level 2.6 Long Blades
 + Level 5.3 Axes
 + Level 2.6 Maces & Flails
 + Level 2.6 Polearms
 + Level 2.6 Staves
 + Level 2.6 Slings
 + Level 2.6 Bows
 + Level 2.6 Crossbows
 + Level 2.6 Throwing
 + Level 7.1 Armour
 + Level 2.6 Dodging
 + Level 2.6 Stealth
 + Level 7.1 Shields
 + Level 2.6 Unarmed Combat
 + Level 2.6 Spellcasting
 + Level 2.1 Conjurations
 + Level 2.1 Hexes
 + Level 2.1 Charms
 + Level 2.1 Summonings
 + Level 2.1 Necromancy
 + Level 2.1 Translocations
 + Level 2.1 Transmutations
 + Level 2.1 Fire Magic
 + Level 2.1 Ice Magic
 + Level 2.1 Air Magic
 + Level 2.1 Earth Magic
 + Level 2.1 Poison Magic
 + Level 2.9 Invocations
 + Level 2.6 Evocations


You had 11 spell levels left.
You didn't know any spells.
Your spell library was empty.

Dungeon Overview and Level Annotations

Branches:
Dungeon (5/15)
 Temple: D:4-7

Altars:
Fedhas
Hepliaklqana
Kikubaaqudgha

Shops:
D:4 *

Annotations:
D:4 exclusion: oklob plant


Innate Abilities, Weirdness & Mutations

Your experience applies equally to all skills.
You have very sharp teeth.
Your uncanny sense of smell can sniff out nearby items.


Message History

The jackal bites you but does no damage.
The jackal bites you.
You closely miss the jackal. You bite the jackal.
The jackal is heavily wounded.
You block the jackal's attack. The jackal completely misses you.
You closely miss the jackal.
The jackal is moderately wounded.
You block the jackal's attack.
You slash the jackal!
You kill the jackal!
An orc is nearby!
An orc is nearby!
You barely miss the orc. The orc closely misses you. The orc barely misses you.
You closely miss the orc. The orc hits you but does no damage.
You closely miss the orc. You block the orc's attack.
You closely miss the orc. You block the orc's attack.
An orc is nearby!
You closely miss the orc. You block the orc's attack.
An orc is nearby!
Are you sure you want to abandon this character and quit the game? (Confirm with "yes".)

## . ... .. #..
#. ...##
###.#######.#...
#.....<.......#
#..........###
##.......o###
......(.@.#
..........#
.......††.#
####.......#
###.##%..# #.
#.#.# .. #...#
#.# #..# .. ..#


You could see an orc.

Vanquished Creatures
  An ogre (D:4)
  A big kobold (D:3)
  A bullfrog (D:3)
  A water moccasin skeleton (D:4)
  3 hounds
  2 orc priests
  Natasha (thrice) (D:3)
  An iguana (D:4)
  3 worker ants (D:4)
  3 adders
  3 oozes
  3 dart slugs
  3 leopard geckos
  13 orcs
  5 ball pythons
  4 giant cockroaches
  3 goblins
  7 hobgoblins
  7 jackals
  A quokka (D:3)
  5 bats
  3 frilled lizards
  7 kobolds
  3 rats
  A plant (D:4)
87 creatures vanquished.

Notes
Turn   | Place    | Note
-------+----------+-------------------------------------------
     0 | D:1      | CougarLife the Gnoll Fighter began the quest for the Orb.
     0 | D:1      | Reached XP level 1. HP: 23/23 MP: 1/1
    85 | D:1      | Reached XP level 2. HP: 27/29 MP: 2/2
  1114 | D:2      | Found an ancient bone altar of Kikubaaqudgha.
  1155 | D:2      | Reached XP level 3. HP: 28/35 MP: 3/3
  1316 | D:2      | Reached skill level 1 in Invocations
  1348 | D:2      | Reached skill level 1 in Short Blades
  1348 | D:2      | Reached skill level 1 in Long Blades
  1348 | D:2      | Reached skill level 1 in Maces & Flails
  1348 | D:2      | Reached skill level 1 in Polearms
  1348 | D:2      | Reached skill level 1 in Staves
  1348 | D:2      | Reached skill level 1 in Slings
  1348 | D:2      | Reached skill level 1 in Bows
  1348 | D:2      | Reached skill level 1 in Crossbows
  1348 | D:2      | Reached skill level 1 in Throwing
  1348 | D:2      | Reached skill level 1 in Dodging
  1348 | D:2      | Reached skill level 1 in Stealth
  1348 | D:2      | Reached skill level 1 in Unarmed Combat
  1348 | D:2      | Reached skill level 1 in Spellcasting
  1348 | D:2      | Reached skill level 1 in Evocations
  1497 | D:2      | Reached XP level 4. HP: 37/41 MP: 5/5
  1792 | D:3      | Reached skill level 1 in Conjurations
  1792 | D:3      | Reached skill level 1 in Hexes
  1792 | D:3      | Reached skill level 1 in Charms
  1792 | D:3      | Reached skill level 1 in Summonings
  1792 | D:3      | Reached skill level 1 in Necromancy
  1792 | D:3      | Reached skill level 1 in Translocations
  1792 | D:3      | Reached skill level 1 in Transmutations
  1792 | D:3      | Reached skill level 1 in Fire Magic
  1792 | D:3      | Reached skill level 1 in Ice Magic
  1792 | D:3      | Reached skill level 1 in Air Magic
  1792 | D:3      | Reached skill level 1 in Earth Magic
  1792 | D:3      | Reached skill level 1 in Poison Magic
  1826 | D:3      | Noticed a big kobold
  1842 | D:3      | Killed a big kobold
  1842 | D:3      | Reached XP level 5. HP: 37/47 MP: 5/7
  1945 | D:3      | Noticed Natasha
  1953 | D:3      | Killed Natasha
  2073 | D:3      | Reached XP level 6. HP: 42/53 MP: 8/8
  2231 | D:3      | Reached skill level 5 in Axes
  2260 | D:3      | Noticed Natasha
  2264 | D:3      | Killed Natasha
  2325 | D:3      | Noticed Natasha
  2338 | D:3      | Killed Natasha
  2761 | D:4      | Reached XP level 7. HP: 4/59 MP: 10/10
  3338 | D:4      | Found a hazy altar of Hepliaklqana.
  3415 | D:4      | Found a blossoming altar of Fedhas.
  3435 | D:4      | Noticed an oklob plant
  3502 | D:4      | Found Gelinah's Assorted Antiques.
  3602 | D:5      | Entered Level 5 of the Dungeon
  3622 | D:5      | Quit the game

Vault maps used:
D:1:      kennysheep_arrival_seaside
D:2:      lemuel_crystal_altar, kennysheep_small_spiral
D:3:      saegor_snake_ambush, uniq_natasha
D:4:      nicolae_overflow_hidden_temple, serial_shops,
          nicolae_shop_behind_doors, tgw_fedhas
D:5:      first_ration, feat_on_display

Skill      XL: |  1  2  3  4  5  6  7 |
---------------+----------------------+-----
Invocations    | 1 2 |  2.9
Short Blades   | 1 2 |  2.6
Long Blades    | 1 2 |  2.6
Maces & Flails | 1 2 |  2.6
Polearms       | 1 2 |  2.6
Staves         | 1 2 |  2.6
Slings         | 1 2 |  2.6
Bows           | 1 2 |  2.6
Crossbows      | 1 2 |  2.6
Throwing       | 1 2 |  2.6
Dodging        | 1 2 |  2.6
Stealth        | 1 2 |  2.6
Unarmed Combat | 1 2 |  2.6
Spellcasting   | 1 2 |  2.6
Evocations     | 1 2 |  2.6
Conjurations   | 1 2 |  2.1
Hexes          | 1 2 |  2.1
Charms         | 1 2 |  2.1
Summonings     | 1 2 |  2.1
Necromancy     | 1 2 |  2.1
Translocations | 1 2 |  2.1
Transmutations | 1 2 |  2.1
Fire Magic     | 1 2 |  2.1
Ice Magic      | 1 2 |  2.1
Air Magic      | 1 2 |  2.1
Earth Magic    | 1 2 |  2.1
Poison Magic   | 1 2 |  2.1
Axes           | 5 |  5.3
Fighting       | 7 |  7.1
Armour         | 7 |  7.1
Shields        | 7 |  7.1

Action                   |  1- 3 |  4- 6 |  7- 9 || total
-------------------------+-------+-------+-------++-------
Melee: War axe           |    66 |   124 |    58 ||   248
       Bite              |     6 |    15 |     5 ||    26
  Eat: Chunk             |     2 |     4 |     3 ||     9
Armor: Scale mail        |    17 |    45 |    23 ||    85
Dodge: Dodged            |    15 |    36 |    20 ||    71
Block: Shield            |    31 |    62 |    48 ||   141

Table legend:
 A = Spawn XP
 B = Non-spawn XP
 C = Spawn XP percentage of total XP
 D = Spawn monster count
 E = Non-spawn monster count
 F = Spawn count percentage of total count
 G = Total turns spent on level
                    A         B        C        D         E        F      G
               +---------+---------+-------+---------+---------+-------+---------
         Total |       0 |    1008 |   0.0 |       0 |      86 |   0.0 |  3622
               +---------+---------+-------+---------+---------+-------+---------
           D:1 |       0 |      16 |   0.0 |       0 |       9 |   0.0 |   722
           D:2 |       0 |      66 |   0.0 |       0 |      18 |   0.0 |  1046
           D:3 |       0 |     455 |   0.0 |       0 |      37 |   0.0 |  1227
           D:4 |       0 |     463 |   0.0 |       0 |      18 |   0.0 |   607
           D:5 |       0 |       8 |   0.0 |       0 |       4 |   0.0 |    20
               +---------+---------+-------+---------+---------+-------+---------
